[Event "December 19 Early 2023"]
[Site "https://www.chess.com"]
[Date "2023.12.19"]
[Round "7"]
[White "Tifferet, Shakked"]
[Black "Yaran, Siar"]
[Result "0-1"]
[Board "71"]
[TimeControl "180+1"]
[WhiteFideId "2811529"]
[BlackFideId "6323006"]
[WhiteElo "2142"]
[BlackElo "2191"]
[WhiteTeam "ISR"]
[BlackTeam "TUR"]
[WhiteClock "0:01:23"]
[BlackClock "0:00:45"]

1. e4 e5 2. Nf3 Nc6 3. Nc3 Nf6 4. Be2 Be7 5. d4 d6 6. O-O O-O 7. d5 Nb8 8. a4 a5 9. h3 c6 10. Bg5 Nxd5 11. exd5 Bxg5 12. dxc6 Nxc6 13. Nxg5 Qxg5 14. Qxd6 Bxh3 15. Bf3 Nd4 16. Bxb7 Rad8 17. Qc5 Rd7 18. Be4 Bxg2 19. f4 Qg3 20. Bxg2 exf4 21. Qe5 Nxc2 22. Rf3 Qg6 23. Raf1 Ne3 24. Qxf4 Qxg2# 0-1

[Event "December 19 Early 2023"]
[Site "https://www.chess.com"]
[Date "2023.12.19"]
[Round "7"]
[White "Teterev, Vitaly"]
[Black "Cristobal, Manuel"]
[Result "0-1"]
[Board "72"]
[TimeControl "180+1"]
[WhiteFideId "13501429"]
[BlackFideId "112879"]
[WhiteElo "2299"]
[BlackElo "2244"]
[WhiteTeam "BLR"]
[BlackTeam "ARG"]
[WhiteClock "0:00:00"]
[BlackClock "0:01:40"]

1. e4 Nc6 2. Nf3 d5 3. exd5 Qxd5 4. Nc3 Qh5 5. Bb5 Bg4 6. O-O Nf6 7. h3 O-O-O 8. Bxc6 bxc6 9. hxg4 Nxg4 10. Ne4 e5 11. Qe2 f5 12. Ng3 Qe8 13. Nxf5 h5 14. d4 g6 15. Qa6+ Kb8 16. Ne3 exd4 17. Nc4 Ka8 18. Na5 Rb8 19. Re1 Qd7 20. Qxc6+ Qxc6 21. Nxc6 Bb4 22. Re6 Rb6 23. Nfxd4 Bc5 24. c3 Kb7 25. Na5+ Ka6 26. Rxb6+ axb6 27. Nab3 Bd6 28. Bg5 Re8 29. f3 Ne5 30. Rd1 Nc4 31. Bc1 Kb7 32. Kf2 c5 33. Nb5 Bb8 34. a4 h4 35. f4 g5 36. Re1 Rf8 37. Re7+ Kc6 38. Kf3 Bxf4 39. Bxf4 Rxf4+ 40. Ke2 Nxb2 41. Rc7+ Kd5 42. a5 Re4+ 43. Kd2 Nc4+ 44. Kc2 Nxa5 45. Nxa5 bxa5 46. Rg7 Rg4 47. Nc7+ Kc4 48. Ne6 Rxg2+ 49. Kd1 g4 50. Rg5 h3 51. Rxc5+ Kb3 52. Rb5+ Kxc3 0-1

[Event "December 19 Early 2023"]
[Site "https://www.chess.com"]
[Date "2023.12.19"]
[Round "7"]
[White "Tulchynskyi, Feliks"]
[Black "Sahib Singh"]
[Result "1-0"]
[Board "73"]
[TimeControl "180+1"]
[WhiteFideId "34127895"]
[BlackFideId "25618342"]
[WhiteElo "2131"]
[BlackElo "2130"]
[WhiteTeam "UKR"]
[BlackTeam "IND"]
[WhiteClock "0:00:34"]
[BlackClock "0:00:11"]

1. d4 d5 2. c4 e6 3. Nc3 c6 4. e4 dxe4 5. Nxe4 Bb4+ 6. Nc3 c5 7. Be3 Nf6 8. a3 Bxc3+ 9. bxc3 O-O 10. Bd3 Qa5 11. Qd2 Rd8 12. Ne2 Nc6 13. h4 cxd4 14. cxd4 Qxd2+ 15. Kxd2 e5 16. Kc3 exd4+ 17. Nxd4 Ne5 18. Be2 Bg4 19. f3 Bd7 20. Rac1 Rac8 21. Kb3 Re8 22. Bf2 h5 23. Rhe1 Ng6 24. Bf1 a6 25. Rxe8+ Nxe8 26. Bg3 Ne7 27. Bd3 Nc6 28. Nxc6 Rxc6 29. Re1 Be6 30. Rc1 b5 31. Kb4 bxc4 32. Bxc4 a5+ 33. Kb5 Rc8 34. Bf4 Kf8 35. Bxe6 Rxc1 36. Bxc1 fxe6 37. Kxa5 Ke7 38. Bf4 Kd7 39. Be5 Nf6 40. Bxf6 gxf6 41. Kb5 f5 42. f4 Kd6 43. Kc4 Kc6 44. Kd4 Kb5 45. Ke5 Ka4 46. Kxe6 Kxa3 47. Kxf5 Kb4 48. Kg5 Kc3 49. Kxh5 Kd2 50. Kg5 Ke3 51. g4 Kf3 52. h5 Kg3 53. h6 Kh3 54. h7 Kg2 55. h8=Q Kf3 56. Qh3+ Kf2 57. Kh4 Kg1 58. f5 Kf2 59. f6 Ke2 60. f7 Kd2 61. f8=Q Ke1 62. Qe7+ Kd1 63. Qd6+ Kc1 64. Qc5+ Kb1 65. Qg1+ Kc2 66. Qgg2+ 1-0

[Event "December 19 Early 2023"]
[Site "https://www.chess.com"]
[Date "2023.12.19"]
[Round "7"]
[White "Timerkhanov, Alexander"]
[Black "Ghevondyan, Arman"]
[Result "1-0"]
[Board "74"]
[TimeControl "180+1"]
[WhiteFideId "24177938"]
[BlackFideId "13312073"]
[WhiteElo "2278"]
[BlackElo "2176"]
[WhiteTeam "RUS"]
[BlackTeam "ARM"]
[WhiteClock "0:00:18"]
[BlackClock "0:00:17"]

1. d4 Nf6 2. Bg5 Ne4 3. h4 d5 4. Nd2 c5 5. Nxe4 dxe4 6. e3 h6 7. Bf4 e6 8. c3 Nc6 9. Ne2 Bd6 10. Bxd6 Qxd6 11. Ng3 Qf8 12. Nxe4 cxd4 13. exd4 f5 14. Qh5+ Kd8 15. Nc5 b6 16. Nd3 Bb7 17. Be2 Kc7 18. O-O-O Rd8 19. Bf3 Qd6 20. Qg6 Rd7 21. Rhe1 Re7 22. Kb1 Rd8 23. h5 Ba6 24. Ne5 Nxe5 25. Rxe5 Bb7 26. Bxb7 Kxb7 27. Rde1 Rde8 28. d5 Qc5 29. Rxe6 Rxe6 30. Rxe6 Rd8 31. Qxg7+ Ka6 32. Re7 Qxd5 33. Rxa7+ Kb5 34. a4+ Kc4 35. Qc7+ Kd3 36. Qxb6 Ke2 37. Qb5+ Kxf2 38. Qxd5 Rxd5 39. a5 Kxg2 40. a6 f4 41. b4 f3 42. Rg7+ Rg5 43. Rxg5+ hxg5 44. a7 f2 45. a8=Q+ Kg1 46. Qa7 g4 47. h6 g3 48. h7 Kg2 49. Qb7+ Kg1 50. Qb6 Kg2 51. Qc6+ Kg1 52. Qc5 Kg2 53. Qd5+ Kg1 54. Qd4 Kg2 55. Qe4+ Kg1 56. Qe3 Kg2 57. Qe2 Kg1 58. h8=Q g2 59. Qd4 Kh1 60. Qexf2 Kh2 61. Qdh4# 1-0

[Event "December 19 Early 2023"]
[Site "https://www.chess.com"]
[Date "2023.12.19"]
[Round "7"]
[White "Ovetchkin, Roman"]
[Black "Khamdamova, Afruza"]
[Result "1-0"]
[Board "75"]
[TimeControl "180+1"]
[WhiteFideId "4119991"]
[BlackFideId "14210444"]
[WhiteElo "2381"]
[BlackElo "2295"]
[WhiteTeam "RUS"]
[BlackTeam "UZB"]
[WhiteClock "0:00:20"]
[BlackClock "0:00:00"]

1. d4 Nf6 2. c4 e6 3. g3 d5 4. Bg2 dxc4 5. Nf3 c5 6. O-O Nc6 7. dxc5 Qxd1 8. Rxd1 Bxc5 9. Nbd2 c3 10. bxc3 O-O 11. Nb3 Be7 12. Nfd4 Bd7 13. Nxc6 Bxc6 14. Bxc6 bxc6 15. Bg5 h6 16. Bxf6 Bxf6 17. Rac1 Rfd8 18. c4 Rab8 19. e3 Kf8 20. Kf1 Ke8 21. Ke2 Rxd1 22. Rxd1 Be7 23. h4 Rb4 24. Kd3 Ra4 25. Rd2 a5 26. h5 Kd7 27. g4 Kc7 28. Rc2 Ra3 29. Ke4 Bb4 30. f4 a4 31. Nd4 Rc3 32. Rxc3 Bxc3 33. Ne2 Bf6 34. Kd3 Kb6 35. Nc3 Ka5 36. Ne4 Be7 37. c5 Kb4 38. Nd6 f6 39. Kd4 e5+ 40. fxe5 fxe5+ 41. Kxe5 Kxc5 42. Ne8 Bf8 43. Ke6 Kb4 44. e4 c5 45. e5 c4 46. Nd6 c3 47. Kf7 c2 48. Kxf8 c1=Q 49. e6 Qf4+ 50. Nf7 Qb8+ 51. Kxg7 Qe8 52. Kf6 Kc5 53. g5 hxg5 54. h6 Kd5 55. e7 g4 56. h7 g3 57. h8=Q Qxh8+ 58. Nxh8 g2 59. e8=Q g1=Q 60. Qxa4 Qa1+ 61. Ke7 Qxh8 62. Qb5+ Ke4 63. Qe2+ Kd5 64. Qb5+ Ke4 65. Qc4+ Ke3 66. a4 Qg7+ 67. Kd6 Qf8+ 68. Kd7 Qg7+ 69. Kc6 Qf6+ 70. Kb5 Qd8 71. a5 Qb8+ 72. Ka4 Qe8+ 73. Kb3 Qb8+ 74. Ka2 Kd2 75. a6 Qa7 76. Ka3 Qf7 77. Qxf7 1-0

[Event "December 19 Early 2023"]
[Site "https://www.chess.com"]
[Date "2023.12.19"]
[Round "7"]
[White "Zimmermann, Ulrich"]
[Black "Puzzlebot_1294"]
[Result "0-1"]
[Board "76"]
[TimeControl "180+1"]
[WhiteFideId "24654523"]
[WhiteElo "2223"]
[BlackElo "2654"]
[WhiteTeam "GER"]
[WhiteClock "0:00:02"]
[BlackClock "0:00:02"]

1. Nf3 Nf6 2. g3 d5 3. Bg2 Bf5 4. O-O c6 5. d3 e6 6. Nbd2 h6 7. Qe1 Be7 8. e4 dxe4 9. dxe4 Bh7 10. Qe2 O-O 11. Ne5 Nbd7 12. Nd3 Qc7 13. a3 Rfd8 14. Re1 Nc5 15. Nxc5 Bxc5 16. Nb3 Be7 17. Bf4 e5 18. Bd2 c5 19. Bc3 b6 20. Nd2 Nd7 21. Nc4 a6 22. Bh3 Bf6 23. Rad1 Nf8 24. f3 Bg6 25. Ne3 Qc6 26. Nd5 Ne6 27. Nxf6+ gxf6 28. Qe3 Kh7 29. Bd2 Ng5 30. Bg2 Rd4 31. c3 Ra4 32. h4 Ne6 33. h5 Ng5 34. hxg6+ fxg6 35. Bc1 Nf7 36. Rd3 Ra7 37. Red1 Qe6 38. Kh2 f5 39. Bh3 Qf6 40. exf5 gxf5 41. f4 exf4 42. gxf4 Re4 43. Qf3 Rae7 44. Qh5 Re2+ 45. Kh1 Re1+ 46. Rxe1 Rxe1+ 47. Kg2 Rxc1 48. Bxf5+ Kg7 49. Rg3+ Kf8 50. Bg6 Qc6+ 51. Rf3 Rd1 52. Bxf7 Rd2+ 53. Kg3 Qf6 54. Bg6 Qg7 55. f5 Qe5+ 56. Rf4 Qe3+ 57. Qf3 Qg1+ 58. Kh4 Rh2+ 59. Qh3 Qg5# 0-1

[Event "December 19 Early 2023"]
[Site "https://www.chess.com"]
[Date "2023.12.19"]
[Round "7"]
[White "Gontcharov, Vladislav"]
[Black "Asish Panda"]
[Result "0-1"]
[Board "77"]
[TimeControl "180+1"]
[WhiteFideId "4123492"]
[BlackFideId "45012458"]
[WhiteElo "2420"]
[BlackElo "1767"]
[WhiteTeam "RUS"]
[BlackTeam "IND"]
[WhiteClock "0:00:13"]
[BlackClock "0:00:06"]

1. d4 d5 2. c4 e6 3. Nc3 Nf6 4. cxd5 exd5 5. Bg5 c6 6. e3 Bd6 7. Bd3 O-O 8. Nge2 h6 9. Bh4 a5 10. Bg3 Na6 11. O-O Re8 12. Rc1 Nc7 13. Na4 Ne6 14. Bxd6 Qxd6 15. Ng3 g6 16. Qd2 h5 17. Rfd1 Ng5 18. f4 Nge4 19. Nxe4 Nxe4 20. Bxe4 Rxe4 21. Nb6 Rb8 22. Re1 Bf5 23. Qxa5 Rbe8 24. Qd2 Qe7 25. Kf2 Qh4+ 26. Kg1 Qe7 27. Rcd1 Bg4 28. Rc1 Rxe3 29. Rxe3 Qxe3+ 30. Qxe3 Rxe3 31. Rc3 Re2 32. Rb3 Bf5 33. Rb4 Be4 34. g3 Rg2+ 35. Kf1 Rxh2 36. Nd7 b5 37. Rb3 Rc2 38. a3 Kg7 39. Rc3 Rxb2 40. Rxc6 Rb3 41. Ne5 Rxg3 42. Rc7 Rxa3 43. Rxf7+ Kg8 44. Rb7 h4 45. Kg1 h3 46. Kh2 Bf5 47. Nd7 Ra2+ 48. Kg3 Rg2+ 49. Kf3 Be4+ 50. Ke3 h2 51. Nf6+ Kf8 52. Rh7 Rg3+ 53. Ke2 h1=Q 54. Rxh1 Bxh1 55. Nd7+ Ke7 56. Ne5 Be4 57. Kf2 Rb3 58. f5 gxf5 59. Nc6+ Kd6 60. Ne5 Rb2+ 61. Ke3 b4 62. Nf7+ Ke6 63. Nd8+ Kd7 64. Nc6 Rb3+ 65. Kd2 Kxc6 66. Kc1 Rc3+ 67. Kb2 Kb5 0-1

[Event "December 19 Early 2023"]
[Site "https://www.chess.com"]
[Date "2023.12.19"]
[Round "7"]
[White "Skliarov, Viktor"]
[Black "Santos Flores, Alberto"]
[Result "1/2-1/2"]
[Board "78"]
[TimeControl "180+1"]
[WhiteFideId "14106736"]
[BlackFideId "3601234"]
[WhiteElo "2301"]
[BlackElo "2229"]
[WhiteTeam "UKR"]
[BlackTeam "ECU"]
[WhiteClock "0:00:04"]
[BlackClock "0:00:03"]

1. e4 e6 2. d4 d5 3. e5 c5 4. c3 Qb6 5. Nf3 Nc6 6. a3 a5 7. Bd3 Bd7 8. Bc2 a4 9. O-O Nh6 10. c4 dxc4 11. d5 exd5 12. Qxd5 Be6 13. Qe4 Nf5 14. Nc3 Nfd4 15. Bxa4 Be7 16. Ng5 Bxg5 17. Bxg5 Qxb2 18. Bxc6+ Nxc6 19. Nd5 Bxd5 20. Qxd5 O-O 21. Qxc4 Rxa3 22. Rxa3 Qxa3 23. e6 fxe6 24. Qxe6+ Kh8 25. Be7 Nxe7 26. Qxe7 Rb8 27. Rd1 h6 28. h4 Qa4 29. Rd7 Qa1+ 30. Kh2 Qf6 31. Rxb7 Rxb7 32. Qe8+ Kh7 33. Qe4+ Kg8 34. Qxb7 Qxh4+ 35. Kg1 Qd4 36. Qc8+ Kf7 37. Qf5+ Kg8 38. Qc8+ Kh7 39. Qf5+ g6 40. Qf7+ Qg7 41. Qc4 Qc7 42. g3 Kg7 43. f4 h5 44. Kf2 Qd6 45. Kg2 Qd4 46. Qe6 c4 47. Qe7+ Kh6 48. Qg5+ Kh7 49. Qe7+ Qg7 50. Qc5 Qf7 51. Kf3 Qe6 52. Kf2 Qf7 53. Kf3 Qe6 54. Kf2 Qf7 55. Kf3 1/2-1/2

[Event "December 19 Early 2023"]
[Site "https://www.chess.com"]
[Date "2023.12.19"]
[Round "7"]
[White "Nigalidze, Gaioz"]
[Black "Dinu, Dumitru-Daniel"]
[Result "0-1"]
[Board "79"]
[TimeControl "180+1"]
[WhiteFideId "13603078"]
[BlackFideId "1208403"]
[WhiteElo "2400"]
[BlackElo "2240"]
[WhiteTeam "GEO"]
[BlackTeam "ROU"]
[WhiteClock "0:00:01"]
[BlackClock "0:00:22"]

1. e4 c5 2. Nf3 d6 3. Bb5+ Bd7 4. Bxd7+ Qxd7 5. c4 Nc6 6. Nc3 g6 7. d4 cxd4 8. Nxd4 Bg7 9. Be3 Nf6 10. f3 O-O 11. O-O Rac8 12. b3 a6 13. Rc1 Nxd4 14. Bxd4 b5 15. cxb5 axb5 16. Qd3 b4 17. Na4 Qb7 18. Nb6 Rc7 19. Rc4 Rxc4 20. Qxc4 Nd7 21. Nd5 Ne5 22. Bxe5 Bxe5 23. Rc1 Rb8 24. Qc7 e6 25. Ne7+ Kg7 26. Qxb7 Rxb7 27. Nc6 Bc3 28. Rc2 Rb6 29. Na5 d5 30. Kf1 Kf6 31. Ke2 Ke5 32. Kd3 Kd6 33. exd5 exd5 34. a4 Kc7 35. Re2 Re6 36. Rxe6 fxe6 37. f4 Kb6 0-1

[Event "December 19 Early 2023"]
[Site "https://www.chess.com"]
[Date "2023.12.19"]
[Round "7"]
[White "Kononenko, Dmitry"]
[Black "Buksa, Nataliya"]
[Result "0-1"]
[Board "80"]
[TimeControl "180+1"]
[WhiteFideId "14113538"]
[BlackFideId "14123622"]
[WhiteElo "2168"]
[BlackElo "2316"]
[WhiteTeam "UKR"]
[BlackTeam "UKR"]
[WhiteClock "0:00:13"]
[BlackClock "0:01:02"]

1. e4 c5 2. Nf3 Nc6 3. d4 cxd4 4. Nxd4 e5 5. Nb5 d6 6. N1c3 a6 7. Na3 Be7 8. Nd5 Nf6 9. Nxf6+ Bxf6 10. Nc4 O-O 11. c3 Be7 12. Be3 b5 13. Nb6 Rb8 14. Nd5 Bg5 15. Bd3 Bxe3 16. Nxe3 Be6 17. O-O Ne7 18. a4 d5 19. axb5 axb5 20. exd5 Nxd5 21. Qh5 Nf6 22. Qe2 Qb6 23. Rfd1 Bb3 24. Bc2 Be6 25. h3 b4 26. c4 b3 27. Bf5 Bxf5 28. Nxf5 Qc5 29. Rac1 Rfd8 30. Re1 e4 31. Rc3 Qxf5 32. c5 Nd5 33. Rg3 Re8 34. c6 Rbc8 35. Rc1 Nf4 36. Qe3 Nd3 37. Rc4 h6 38. Rc3 Qe6 39. c7 Qd6 40. Rxb3 Rxc7 41. Rc3 Rxc3 42. bxc3 Qe5 43. Qxh6 Qxg3 44. Qd2 Qxf2+ 0-1

[Event "December 19 Early 2023"]
[Site "https://www.chess.com"]
[Date "2023.12.19"]
[Round "7"]
[White "Kurmangaliyeva, Liya"]
[Black "Xhembulla, Aleksander"]
[Result "1-0"]
[Board "81"]
[TimeControl "180+1"]
[WhiteFideId "13725831"]
[BlackFideId "4705114"]
[WhiteElo "2077"]
[BlackElo "2220"]
[WhiteTeam "KAZ"]
[BlackTeam "ALB"]
[WhiteClock "0:00:54"]
[BlackClock "0:00:59"]

1. d4 d5 2. c4 c6 3. Nf3 Nf6 4. Nc3 e6 5. e3 a6 6. Qc2 b5 7. b3 Bb4 8. Bd2 O-O 9. Bd3 Nbd7 10. O-O Bxc3 11. Bxc3 Qe7 12. a3 Re8 13. Ne5 Nxe5 14. dxe5 Nd7 15. Bxh7+ Kh8 16. Bd3 dxc4 17. bxc4 bxc4 18. Bxc4 c5 19. Qe4 Rb8 20. Rab1 Nb6 21. Bd3 g6 22. Qg4 Kg8 23. h4 c4 24. Bb4 Qd7 25. Bc2 Qd5 26. h5 Qxe5 27. hxg6 f5 28. Qh5 Qg7 29. Bd6 Rb7 30. Rxb6 Rxb6 31. Be5 1-0

[Event "December 19 Early 2023"]
[Site "https://www.chess.com"]
[Date "2023.12.19"]
[Round "7"]
[White "Kokoszczynski, Jan"]
[Black "Karas, Marek"]
[Result "1/2-1/2"]
[Board "82"]
[TimeControl "180+1"]
[WhiteFideId "1174460"]
[BlackFideId "14928558"]
[WhiteElo "2266"]
[BlackElo "2218"]
[WhiteTeam "POL"]
[BlackTeam "CZE"]
[WhiteClock "0:00:06"]
[BlackClock "0:00:05"]

1. e4 e6 2. d4 d5 3. Nd2 c5 4. exd5 Qxd5 5. Ngf3 cxd4 6. Bc4 Qd6 7. Qe2 Nf6 8. O-O Nc6 9. Rd1 a6 10. a4 Qc7 11. Nb3 Be7 12. Nbxd4 Nxd4 13. Rxd4 O-O 14. Bf4 Qc5 15. Rad1 b6 16. Ne5 Bb7 17. b4 Qxb4 18. Bxe6 Qc3 19. Bb3 Bc5 20. R4d3 Qb4 21. Bg5 Qe4 22. Qxe4 Nxe4 23. Be3 Bxe3 24. Rxe3 Nc5 25. h4 g6 26. Nd7 Rfd8 27. Re7 Nxb3 28. cxb3 Bc6 29. Rd6 Bxd7 30. Rexd7 Rxd7 31. Rxd7 Rb8 32. Rd6 Kf8 33. g3 Ke7 34. Rc6 Kd7 35. Rf6 Ke7 36. Rc6 Kd7 37. Rc3 Re8 38. Kg2 Kd6 39. Kf3 Re1 40. Kf4 b5 41. axb5 axb5 42. Rd3+ Kc5 43. Kg5 Kb4 44. Rf3 f5 45. Kh6 Re7 46. h5 gxh5 47. Kxh5 Rc7 48. Kg5 Rc3 49. Rxc3 Kxc3 50. Kxf5 Kxb3 51. Ke5 Kc2 52. f4 b4 53. f5 b3 54. f6 b2 55. f7 b1=Q 56. f8=Q Qe1+ 57. Kd5 Qxg3 58. Qf5+ Qd3+ 59. Qxd3+ Kxd3 60. Ke5 h5 61. Kf4 h4 62. Kg4 h3 63. Kxh3 1/2-1/2

[Event "December 19 Early 2023"]
[Site "https://www.chess.com"]
[Date "2023.12.19"]
[Round "7"]
[White "Thorfinnsson, Bragi"]
[Black "Mazurkiewicz, Michal"]
[Result "1-0"]
[Board "83"]
[TimeControl "180+1"]
[WhiteFideId "2300958"]
[BlackFideId "1124943"]
[WhiteElo "2325"]
[BlackElo "2103"]
[WhiteTeam "ISL"]
[BlackTeam "POL"]
[WhiteClock "0:00:09"]
[BlackClock "0:00:00"]

1. e4 d6 2. d4 Nf6 3. Nc3 c6 4. a4 e5 5. Nge2 Be7 6. Ng3 O-O 7. Be2 Re8 8. O-O a5 9. b3 Na6 10. Bb2 Nb4 11. Rc1 Nd7 12. d5 Nc5 13. Bc4 Bd7 14. Nce2 Rb8 15. c3 Nba6 16. dxc6 bxc6 17. f4 Be6 18. Bxe6 Nxe6 19. Nf5 Nac5 20. b4 axb4 21. cxb4 Rxb4 22. Bc3 Rxe4 23. Nxe7+ Qxe7 24. f5 Nd4 25. Ng3 Re3 26. f6 gxf6 27. Bxd4 exd4 28. Nf5 Qe4 29. Nxd6 Qd3 30. Qg4+ Qg6 31. Qxg6+ hxg6 32. Nxe8 Rxe8 33. Rxc5 d3 34. Rxc6 d2 35. Rd6 1-0

[Event "December 19 Early 2023"]
[Site "https://www.chess.com"]
[Date "2023.12.19"]
[Round "7"]
[White "Ezat, Mohamed"]
[Black "Uritsky, Yonathan"]
[Result "1-0"]
[Board "84"]
[TimeControl "180+1"]
[WhiteFideId "10600906"]
[BlackFideId "2825651"]
[WhiteElo "2367"]
[BlackElo "2168"]
[WhiteTeam "EGY"]
[BlackTeam "ISR"]
[WhiteClock "0:00:04"]
[BlackClock "0:00:00"]

1. d4 Nf6 2. c4 c5 3. d5 b5 4. cxb5 a6 5. Nc3 g6 6. e4 d6 7. Nf3 Bg7 8. Be2 O-O 9. O-O axb5 10. Bxb5 Ba6 11. Bxa6 Nxa6 12. Qe2 Nd7 13. h3 Qb6 14. Nd2 Rfb8 15. Nc4 Qb4 16. a3 Qb3 17. Na5 Qb6 18. Nc6 Re8 19. Be3 Ne5 20. Nxe5 Bxe5 21. Rfc1 Reb8 22. b4 Nxb4 23. axb4 Rxa1 24. Rxa1 Qxb4 25. Ra7 Qxc3 26. g3 Bxg3 27. Rxe7 Rb2 28. Bh6 Rb8 29. Kg2 Be5 30. Qg4 Bg7 31. Rxf7 Bxh6 32. Qe6 Kh8 33. Qxd6 Re8 34. Re7 Rf8 35. Qg3 Qd2 36. Qe5+ Kg8 37. Qe6+ Kh8 38. Rf7 Rxf7 39. Qxf7 Qd4 40. Qe6 Bg7 41. d6 Be5 42. d7 Qd6 43. Qxd6 1-0

[Event "December 19 Early 2023"]
[Site "https://www.chess.com"]
[Date "2023.12.19"]
[Round "7"]
[White "Lopusiewicz, Piotr"]
[Black "Kavyev, Ruslan"]
[Result "0-1"]
[Board "85"]
[TimeControl "180+1"]
[WhiteFideId "1116029"]
[BlackFideId "34110981"]
[WhiteElo "2286"]
[BlackElo "2336"]
[WhiteTeam "POL"]
[BlackTeam "RUS"]
[WhiteClock "0:00:05"]
[BlackClock "0:00:08"]

1. d4 Nf6 2. c4 g6 3. Nc3 Bg7 4. e4 d6 5. Nf3 O-O 6. Be2 e5 7. O-O Nc6 8. d5 Ne7 9. b4 Nh5 10. Re1 f5 11. a4 Nf6 12. a5 fxe4 13. Ng5 Bf5 14. g4 Bd7 15. Ncxe4 Kh8 16. Ra3 Nxe4 17. Nxe4 Ng8 18. Bg5 Nf6 19. Rg3 Qe8 20. Bxf6 Bxf6 21. c5 Be7 22. Qc2 Rf4 23. c6 bxc6 24. dxc6 Bxc6 25. Bd3 Rb8 26. Rc1 Bxe4 27. Bxe4 Rxb4 28. Bd3 Bh4 29. Qxc7 Bxg3 30. hxg3 Rfd4 31. Bf1 Rb8 32. Qxa7 Rc8 33. Rb1 Ra8 34. Qc7 Rc8 35. Qa7 Ra8 36. Qc7 Qd8 37. Qf7 Qf8 38. Qd7 Rd2 39. f4 Rd8 40. Qc7 Rc8 41. Qd7 Qe8 42. Qa7 exf4 43. Rb7 Qe3+ 44. Qxe3 fxe3 45. a6 e2 46. Bxe2 Rxe2 47. a7 Ree8 48. Kg2 d5 49. Kf3 d4 50. g5 d3 51. Kg4 d2 52. Kh4 d1=Q 53. g4 Qh1+ 54. Kg3 Re3+ 0-1

[Event "December 19 Early 2023"]
[Site "https://www.chess.com"]
[Date "2023.12.19"]
[Round "7"]
[White "Vlassov, Nikolai"]
[Black "Nilsson, Joakim"]
[Result "1-0"]
[Board "86"]
[TimeControl "180+1"]
[WhiteFideId "4103360"]
[BlackFideId "1723383"]
[WhiteElo "2351"]
[BlackElo "2143"]
[WhiteTeam "FID"]
[BlackTeam "SWE"]
[WhiteClock "0:00:10"]
[BlackClock "0:00:16"]

1. g4 e5 2. Bg2 Nc6 3. c4 Bc5 4. e3 d6 5. Nc3 h5 6. gxh5 Nf6 7. Bf3 Bf5 8. a3 a5 9. Nge2 e4 10. Ng3 Be6 11. Ncxe4 Bxc4 12. Nxc5 dxc5 13. Bxc6+ bxc6 14. Qc2 Qd3 15. Qxd3 Bxd3 16. b3 Nxh5 17. Bb2 Nxg3 18. fxg3 Rb8 19. Bxg7 Rh7 20. Bc3 Rxb3 21. Bxa5 f5 22. Bc3 Kd7 23. h4 Rh5 24. a4 Kc8 25. a5 Kb7 26. Kf2 Ka6 27. Rhg1 c4 28. Kf3 Rb5 29. Kf4 Rd5 30. Ra2 Rd7 31. Rb2 Re7 32. Be5 Rd7 33. Rb8 Ka7 34. Rg8 Be2 35. Bd4+ Rxd4+ 36. exd4 Bd3 37. Re1 Rh7 38. Re6 Rd7 39. Rxc6 Rxd4+ 40. Ke3 Re4+ 41. Kf3 Kb7 42. a6+ Kxc6 43. a7 Be2+ 44. Kf2 Bd3 45. a8=Q+ Kc5 46. Qa5+ Kd6 47. Rg6+ Kd7 48. Rg7+ Ke8 49. Qxc7 Re2+ 50. Kf3 Re6 51. Rg8# 1-0

[Event "December 19 Early 2023"]
[Site "https://www.chess.com"]
[Date "2023.12.19"]
[Round "7"]
[White "Begunov, Konstantin"]
[Black "Ambartsumova, Karina"]
[Result "0-1"]
[Board "87"]
[TimeControl "180+1"]
[WhiteFideId "4118510"]
[BlackFideId "4166299"]
[WhiteElo "2082"]
[BlackElo "2240"]
[WhiteTeam "RUS"]
[BlackTeam "RUS"]
[WhiteClock "0:00:00"]
[BlackClock "0:00:24"]

1. d4 Nf6 2. c4 e6 3. Nf3 d5 4. cxd5 exd5 5. Nc3 Be7 6. Bg5 c6 7. Qc2 Nbd7 8. e3 h6 9. Bh4 Nh5 10. Bxe7 Qxe7 11. O-O-O Nb6 12. Bd3 Be6 13. Ne5 O-O-O 14. a4 Qb4 15. f4 Rhf8 16. g4 Nf6 17. f5 Bd7 18. h4 Kb8 19. g5 Ne4 20. Bxe4 dxe4 21. Qxe4 hxg5 22. Nd3 Qc4 23. a5 Nd5 24. Qe5+ Ka8 25. Kd2 f6 26. Qg3 Bxf5 27. Nc5 Nxc3 28. bxc3 Qxc5 29. hxg5 Qd5 30. gxf6 gxf6 31. Rhf1 Qe4 32. Qf4 Qd3+ 33. Ke1 Qxc3+ 34. Kf2 Qc2+ 35. Ke1 Rfe8 0-1

[Event "December 19 Early 2023"]
[Site "https://www.chess.com"]
[Date "2023.12.19"]
[Round "7"]
[White "Miszler, Levente"]
[Black "Burovic, Rijad"]
[Result "0-1"]
[Board "88"]
[TimeControl "180+1"]
[WhiteFideId "763276"]
[BlackFideId "14407701"]
[WhiteElo "2186"]
[BlackElo "2384"]
[WhiteTeam "HUN"]
[BlackTeam "BIH"]
[WhiteClock "0:00:56"]
[BlackClock "0:00:37"]

1. Nf3 g6 2. c4 Bg7 3. g3 d6 4. Bg2 e5 5. O-O Nc6 6. Nc3 f5 7. d3 Nf6 8. Rb1 O-O 9. b4 h6 10. b5 Ne7 11. a4 Be6 12. Ba3 g5 13. Nd2 Rb8 14. a5 Rf7 15. b6 axb6 16. axb6 c5 17. Nb5 Ne8 18. Qa4 Nc6 19. Na7 Ne7 20. Nb3 Bd7 21. Qa5 Nc6 22. Nxc6 Bxc6 23. Bxc6 bxc6 24. Nd2 e4 25. dxe4 Ra8 26. b7 Qxa5 27. b8=Q Rxb8 28. Rxb8 Qxd2 29. Rxe8+ Kh7 30. exf5 Rxf5 31. Re7 Kg6 32. Rb1 Bd4 33. Rf1 Rxf2 0-1

[Event "December 19 Early 2023"]
[Site "https://www.chess.com"]
[Date "2023.12.19"]
[Round "7"]
[White "Rojas Alarcon, Julian Antonio"]
[Black "Martin, Lewis"]
[Result "1-0"]
[Board "89"]
[TimeControl "180+1"]
[WhiteFideId "5107407"]
[BlackFideId "410551"]
[WhiteElo "2340"]
[BlackElo "2145"]
[WhiteTeam "MEX"]
[BlackTeam "ENG"]
[WhiteClock "0:00:40"]
[BlackClock "0:00:00"]

1. d4 d5 2. c4 c6 3. Nc3 e6 4. e4 dxe4 5. Nxe4 Bb4+ 6. Nc3 Nf6 7. Nf3 O-O 8. Bd3 c5 9. dxc5 Na6 10. Qe2 Nxc5 11. Bc2 b6 12. Bd2 Bb7 13. Rd1 Qe7 14. O-O Rfd8 15. a3 Bxc3 16. Bxc3 Nce4 17. Bd4 Rac8 18. Rfe1 h6 19. h3 Rd7 20. Ne5 Rdd8 21. Ng4 Nxg4 22. Qxg4 f5 23. Qe2 Qg5 24. f3 Nf6 25. Qxe6+ Kh8 26. Qxf5 Qxf5 27. Bxf5 Rxc4 28. Bc3 Rxd1 29. Rxd1 Nd5 30. Be6 Rc5 31. Bd4 Rc7 32. Bxd5 Bxd5 33. Bxg7+ Kxg7 34. Rxd5 Rc2 35. Rb5 Kf6 36. a4 Ke6 37. a5 bxa5 38. Rxa5 Rxb2 39. Rxa7 Kf5 40. Ra5+ Kf4 41. Kh2 Ke3 42. Ra6 h5 43. Ra5 h4 44. Ra4 Kf2 45. Rxh4 Kf1 46. Rg4 Rf2 47. h4 1-0

[Event "December 19 Early 2023"]
[Site "https://www.chess.com"]
[Date "2023.12.19"]
[Round "7"]
[White "DeyanKostov"]
[Black "Caruana, Fabiano"]
[Result "0-1"]
[Board "90"]
[TimeControl "180+1"]
[BlackFideId "2020009"]
[WhiteElo "2476"]
[BlackElo "2815"]
[BlackTeam "USA"]
[WhiteClock "0:00:03"]
[BlackClock "0:00:08"]

1. d4 c5 2. d5 e5 3. c4 d6 4. Nc3 Be7 5. Nf3 f5 6. e4 f4 7. h3 Nf6 8. Be2 O-O 9. Bd2 Bd7 10. Qc2 Na6 11. a3 Nc7 12. Bd3 Qe8 13. a4 Na6 14. Nb5 Qg6 15. Rg1 Qh5 16. Be2 Qg6 17. Bd3 Rfc8 18. g4 Nb4 19. Bxb4 cxb4 20. Nbd4 Qe8 21. Nf5 Bxf5 22. gxf5 Nd7 23. b3 Nc5 24. Qd1 Qh5 25. Bc2 Kh8 26. Ke2 Rg8 27. Qf1 Bd8 28. Rg4 Nd7 29. Qg2 Nf6 30. Rg5 Qf7 31. Rg1 a6 32. h4 b5 33. h5 bxc4 34. h6 gxh6 35. Rxg8+ Qxg8 36. Qh3 Qf8 37. bxc4 Rc8 38. Nd2 Bb6 39. Bd3 a5 40. Qh4 Rc7 41. Nf3 Rb7 42. Nd2 Rc7 43. Nf3 Rb7 44. Nd2 Bd8 45. Qh3 b3 46. Rb1 b2 47. Bc2 h5 48. Nb3 Qg7 49. Rxb2 Qg4+ 50. Qf3 Rb4 51. Bd3 Bb6 52. Bc2 Rxc4 53. Nd2 Rc8 54. Bd3 Bd4 55. Rb7 Rc3 56. Rb3 Rc1 57. Rb8+ Kg7 58. Rb7+ Kh6 59. Rb3 Kg5 60. Qxg4+ hxg4 61. Bb5 f3+ 62. Nxf3+ gxf3+ 63. Rxf3 Ng4 64. Rg3 Rc2+ 65. Kf1 Rxf2+ 66. Ke1 h5 67. f6 Rxf6 68. Bd7 Rf4 69. Bf5 h4 70. Ke2 hxg3 0-1